 Dungeon Crawl Stone Soup version 0.13.0-19-g8e0b589 (webtiles) character file.

330 Kejsarherre the Cudgeler (level 5, 0/50 HPs)
             Began as an Ogre Hunter on Oct 25, 2013.
             Succumbed to an adder's poison
             ... on Level 3 of the Dungeon.
             The game lasted 00:05:32 (1554 turns).

Kejsarherre the Cudgeler (Ogre Hunter)              Turns: 1554, Time: 00:05:32

HP   0/50        AC  3     Str 19      XL: 5   Next: 26%
MP   4/4         EV 15     Int 10      God:
Gold 186         SH  0     Dex 15      Spells:  0 memorised,  4 levels left

Res.Fire  : . . .   See Invis. : .   a - +1 club {=f}
Res.Cold  : . . .   Warding    : .   d - +0 animal skin
Life Prot.: . . .   Conserve   : .   (shield restricted)
Res.Poison: .       Res.Corr.  : .   (helmet restricted)
Res.Elec. : .       Clarity    : .   (no cloak)
Sust.Abil.: . .     Spirit.Shd : .   (gloves unavailable)
Res.Mut.  : .       Stasis     : .   (boots unavailable)
Res.Rott. : .       Flight     : .   (no amulet)
Saprovore : + . .                    (no ring)
                                     i - +1 ring of strength

@: agile, mildly poisoned, slightly resistant to hostile enchantments, stealthy
A: unfitting armour, fast metabolism 1, saprovore 1, tough skin 1
a: no special abilities


You were on level 3 of the Dungeon.
You were not hungry.

You visited 1 branch of the dungeon, and saw 3 of its levels.

You collected 166 gold pieces.

Inventory:

Hand weapons
 a - a +1,+1 club (weapon) {=f}
Missiles
 c - a throwing net (quivered)
Armour
 d - a +0 animal skin (worn)
Comestibles
 f - 2 meat rations
 n - 3 bread rations
Scrolls
 e - 3 scrolls of enchant armour {unknown}
 h - 3 scrolls of enchant weapon II {unknown}
 j - 3 scrolls of blinking {unknown}
 k - 3 scrolls of identify {unknown}
 l - 2 scrolls of fog {unknown}
 o - a scroll of curse armour {unknown}
 p - a scroll of recharging {unknown}
 r - 2 scrolls of remove curse {unknown}
 s - a scroll of noise {unknown}
 t - a scroll of fear {unknown}
 u - a scroll of curse weapon {unknown}
 x - a scroll of curse jewellery {unknown}
Jewellery
 i - a +1 ring of strength (left hand)
Potions
 g - a potion of agility
 m - a potion of brilliance {unknown}
 v - 2 potions of curing {unknown}


   Skills:
 - Level 2.6 Fighting
 + Level 6.5 Maces & Flails
 - Level 4.3 Throwing
 - Level 1.7 Dodging
 - Level 0.7 Stealth


You had 4 spell levels left.
You didn't know any spells.

Dungeon Overview and Level Annotations

Branches:
Dungeon (3/27)

Altars:


Innate Abilities, Weirdness & Mutations

You are too large for most types of armour.
You have a fast metabolism.
You can tolerate rotten meat.
You have tough skin (AC +1).


Message History

* * * LOW HITPOINT WARNING * * *
You feel sick.
You start resting.
* * * LOW HITPOINT WARNING * * *
You feel sick.
Drink which item? (? for menu, Esc to quit)
Okay, then.
You start resting.
* * * LOW HITPOINT WARNING * * *
You feel sick.
You start resting.
* * * LOW HITPOINT WARNING * * *
You feel sick.
You start resting.
* * * LOW HITPOINT WARNING * * *
You feel sick.
Drink which item? (? for menu, Esc to quit)
You feel more agile all of a sudden.
It was a potion of agility.
You die...

#...###..........##...
#...# ########.#####..
#...# ##.#####.# #.(.#
.........# ##.######
##.##....# #.##...
##........
#%##.####..##........
#%...)......##.......
#...@)..#...####.....
#.......#........).##
#..#....(#<#.#######
.......###((.
#....##.# ## #..>.# .#
##..## .# .... .# .


There were no monsters in sight!

Vanquished Creatures
  Jessica (D:3)
  6 adders
  A worm (D:2)
  5 giant geckos
  5 orcs (D:3)
  3 giant cockroaches
  6 hobgoblins
  4 jackals (D:3)
  10 kobolds
  A quokka (D:3)
  3 ball pythons (D:2)
  8 bats
  4 giant newts
  4 goblins
  5 rats
66 creatures vanquished.

Notes
Turn   | Place    | Note
--------------------------------------------------------------
     0 | D:1      | Kejsarherre, the Ogre Hunter, began the quest for the Orb.
     0 | D:1      | Reached XP level 1. HP: 20/20 MP: 0/0
   143 | D:1      | Reached XP level 2. HP: 28/28 MP: 1/1
   538 | D:1      | Reached XP level 3. HP: 25/35 MP: 2/2
   802 | D:2      | Reached XP level 4. HP: 21/44 MP: 3/3
   846 | D:2      | Reached skill level 5 in Maces & Flails
  1276 | D:3      | Noticed Jessica
  1286 | D:3      | Killed Jessica
  1286 | D:3      | Reached skill level 6 in Maces & Flails
  1286 | D:3      | Reached XP level 5. HP: 39/50 MP: 4/4
  1484 | D:3      | HP: 2/50 [orc/orcish club (5)]
  1535 | D:3      | HP: 2/50 [poisoned by an adder]
  1552 | D:3      | HP: 2/50 [poisoned by an adder]
  1554 | D:3      | Succumbed to an adder's poison

Action                   |  1- 3 |  4- 6 || total
-------------------------+-------+-------++-------
Melee: Club              |   114 |    83 ||   197
Throw: Large rock        |    15 |    28 ||    43
       Throwing net      |     1 |     2 ||     3
  Use: Potion            |       |     1 ||     1
 Stab: Sleeping          |     1 |       ||     1
